 Dungeon Crawl Stone Soup version 0.17.0-7-gfadd4cc (webtiles) character file.

10576 Leibowitz the Slicer (level 11, -9/68 HPs)
             Began as a Kobold Gladiator on Nov 7, 2015.
             Was the Champion of Trog.
             Mangled by an orc warrior
             ... wielding a +0 halberd
             ... led by an orc high priest
              (25 damage)
             ... on level 3 of the Orcish Mines.
             The game lasted 00:49:33 (11401 turns).

Leibowitz the Slicer (Kobold Gladiator)            Turns: 11401, Time: 00:49:33

Health: -9/68      AC: 11    Str: 23    XL:     11   Next: 95%
Magic:  12/12      EV: 25    Int: 10    God:    Trog [******]
Gold:   1027       SH:  0    Dex: 19    Spells: 0 memorised, 10 levels left

rFire  + . .     SeeInvis .     a - +8 rapier of the Dead {vamp, Int+4 Stlth+}
rCold  . . .     Clarity  .     J - +1 robe {rN+}
rNeg   + . .     SustAt   .     (shield restricted)
rPois  .         Gourm    .     c - +1 helmet
rElec  .         Spirit   .     z - +2 cloak of Action {Str+2}
rCorr  .         Warding  .     (no gloves)
rMut   .         Stasis   .     F - +2 pair of boots
MR     ++...                    y - amulet of faith
Stlth  ++++++++..               I - ring "Xaosudecw" {Wiz Str+4}
                                w - ring of stealth

@: regenerating, very resistant to hostile enchantments, extraordinarily
stealthy
A: carnivore 3, fire resistance 1, sense surroundings 1, strong 1
a: Berserk, Trog's Hand, Brothers in Arms, Burn Spellbooks, Renounce Religion


You were on level 3 of the Orcish Mines.
You worshipped Trog.
Trog was exalted by your worship.
You were very full.

You visited 3 branches of the dungeon, and saw 14 of its levels.
You also visited: Ossuary.

You collected 1540 gold pieces.
You spent 513 gold pieces at shops.

Inventory:

Hand Weapons
 a - the +8 rapier of the Dead (weapon) {vamp, Int+4 Stlth+}
   (You took it off a hobgoblin on level 4 of the Dungeon)

   It inflicts no extra harm, but heals its wielder somewhat when it strikes a
   living foe.
   It affects your intelligence (+4).
   It makes you more stealthy.
 R - a +4 antimagic short sword
Missiles
 b - 8 tomahawks of dispersal
 u - 3 throwing nets (quivered)
 v - 7 curare-tipped needles
Armour
 c - a +1 helmet (worn)
 z - the +2 cloak of Action (worn) {Str+2}
   (You bought it in a shop on level 4 of the Dungeon)

   It affects your strength (+2).
 F - a +2 pair of boots (worn)
 J - a +1 robe of positive energy (worn)
 T - a +2 helmet
Jewellery
 h - an uncursed ring of magical power
 o - an uncursed ring of flight
 w - a ring of stealth (left hand)
 y - an amulet of faith (around neck)
 A - an uncursed ring of sustain attributes
 I - the ring "Xaosudecw" (right hand) {Wiz Str+4}
   (You found it on level 8 of the Dungeon)

   [ring of wizardry]

   It improves your spell success rate.
   It affects your strength (+4).
 P - an uncursed amulet of the gourmand {unknown}
Wands
 i - a wand of draining (7)
 x - a wand of paralysis (11)
 C - a wand of hasting (2)
 D - a wand of invisibility (6)
 G - a wand of draining (4)
 H - a wand of paralysis (5)
 O - a wand of enslavement (11)
 Q - a wand of paralysis (16)
Scrolls
 e - 4 scrolls of recharging
 g - 8 scrolls of remove curse
 j - 2 scrolls of enchant weapon
 l - 7 scrolls of identify
 n - 2 scrolls of teleportation
 q - 3 scrolls of magic mapping
 s - a scroll of fog
 t - 2 scrolls of blinking
 L - a scroll of fear
 M - a scroll of enchant armour
Potions
 d - 3 potions of flight
 p - 5 potions of curing
 r - 2 potions of berserk rage
 U - a potion of haste
Books
 B - a Fen Folio

   Spells                             Type                      Level
   a - Corpse Rot                     Necromancy                   2
   b - Stone Arrow                    Conjuration/Earth            3
   c - Leda's Liquefaction            Hexes/Earth                  4
   d - Summon Forest                  Summoning/Translocation      5
   e - Hydra Form                     Transmutation                6
   f - Summon Hydra                   Summoning                    7
   Trog disapproves of the use of such an item.
 K - a book of the Dragon

   Spells                             Type                      Level
   a - Flame Tongue                   Conjuration/Fire             1
   b - Cause Fear                     Hexes                        4
   c - Bolt of Fire                   Conjuration/Fire             6
   d - Dragon Form                    Transmutation                7
   e - Dragon's Call                  Summoning                    9
   Trog disapproves of the use of such an item.
 N - a book of Conjurations

   Spells                             Type                      Level
   a - Magic Dart                     Conjuration                  1
   b - Searing Ray                    Conjuration                  2
   c - Dazzling Spray                 Conjuration/Hexes            3
   d - Fulminant Prism                Conjuration/Hexes            4
   e - Iskenderun's Mystic Blast      Conjuration                  4
   f - Iskenderun's Battlesphere      Conjuration/Charms           5
   Trog disapproves of the use of such an item.
Comestibles
 f - 3 meat rations
 m - 4 beef jerkies
 E - 2 slices of pizza


   Skills:
 + Level 7.9 Fighting
 + Level 12.8 Short Blades
 + Level 2.8 Throwing
 + Level 4.0 Armour
 + Level 11.4 Dodging
 - Level 11.5 Stealth
 + Level 2.0 Evocations


You had 10 spell levels left.
You didn't know any spells.

Dungeon Overview and Level Annotations

Branches:
Dungeon (9/15)             Temple (1/1) D:7             Orc (4/4) D:9
   Lair: D:8-11         Elf: Orc:3-4

Altars:
Ashenzari
Cheibriados
Dithmenos
Elyvilon
Fedhas
Gozag
Kikubaaqudgha
Makhleb
Nemelex Xobeh
Okawaru
Qazlal
Ru
Sif Muna
Trog
Vehumet
Xom
Yredelemnul
Zin
The Shining One
Beogh

Shops:
D:4 *   D:8 =   Orc:2 *

Annotations:
D:3 exclusion: Sigmund


Innate Abilities, Weirdness & Mutations

You are small and have problems with some larger weapons.
You are carnivorous and can eat meat at any time.
Your flesh is heat resistant.
You passively map a small area around you.
Your muscles are strong. (Str +2)


Message History

The orc warrior resists with some effort.
Evoking this partially-identified wand wasted a few charges.
The orc warrior hits you from afar with a trident!
* * * LOW HITPOINT WARNING * * *
Drink which item? (? for menu, Esc to quit)
You feel much better. The orc warrior closely misses you.
The orc warrior completely misses you.
You hit the orc warrior but do no damage.
The orc warrior closely misses you. The orc warrior misses you.
You puncture the orc warrior!
The orc warrior is moderately wounded.
You hit the orc warrior but do no damage.
The orc warrior is moderately wounded.
The orc warrior hits you with a trident!!
* * * LOW HITPOINT WARNING * * *
Your skin crawls.
You feel resistant to hostile enchantments.
You feel slightly less full.
The orc warrior hits you from afar with a halberd!!
You die...

....[.....####.##...#.#....)[....
...[[......##.........#.#...)....
...).........#................#..
..................#...#.#..#####.
..................##...##### ##.
..................###.## #..
....#...........o.# ### ##.
.#.##.....#.####o.## ##
..<.##.#.....###@..# ###
.#..####....###...####.##
#....####..####..##.#...### #
##.....##...##.........##.## ##
###....#..####..##.#.#....# ##.
###.#...# #[.[........## #..
####..## #[...........# ###.
#...# ##..........####...
##..####.#..........##....


You could see 2 orc warriors.

Vanquished Creatures
  Erolcha (D:9)
  Erica (D:8)
  An unseen horror (D:7)
  A hill giant (D:7)
  Pikel (D:8)
  An orc sorcerer (Orc:4)
  The ghost of dracos369 the Covert, a novice FeSu of Dithmenos (D:8)
  Joseph (D:8)
  Psyche (D:8)
  Sigmund (D:3)
  The ghost of 2d6 the Digger, an amateur DDWn (D:4)
  2 wargs
  An ice beast (D:9)
  3 water moccasins
  7 orc warriors
  A black bear (D:6)
  2 phantoms
  A slave (D:8)
  5 sky beasts
  7 ogres
  A giant frog (D:9)
  3 scorpions
  6 killer bees (D:7)
  4 crimson imps
  6 bog bodies (Ossuary)
  5 giant frog zombies
  A quasit (D:8)
  3 centaur zombies (Ossuary)
  17 orc priests
  2 giant frog skeletons
  4 hounds
  4 jellies
  19 orc wizards
  2 centaur skeletons
  2 iguanas
  7 worker ants
  A killer bee zombie (Ossuary)
  A hound zombie (Ossuary)
  8 mummies (Ossuary)
  4 worker ant zombies
  6 adders
  8 gnolls
  3 shadow imps
  4 adder zombies (Ossuary)
  An ooze (D:1)
  4 worms
  6 giant geckos
  130 orcs
  4 giant cockroaches
  9 hobgoblins
  8 jackals
  7 quokkas
  2 ball pythons (D:4)
  5 bats
  A giant gecko zombie (Ossuary)
  8 giant newts
  5 goblins
  7 kobolds
  A quokka skeleton (D:5)
  5 quokka zombies (Ossuary)
  8 rats
  A spectral orc (D:2)
  3 butterflies (D:7)
  2 plants
378 creatures vanquished.

Vanquished Creatures (collateral kills)
  A warg (Orc:3)
  An orc warrior (Orc:3)
2 creatures vanquished.

Vanquished Creatures (others)
  A slave (D:8)
  2 plants (Ossuary)
3 creatures vanquished.

Grand Total: 383 creatures vanquished

Notes
Turn   | Place    | Note
--------------------------------------------------------------
     0 | D:1      | Leibowitz the Kobold Gladiator began the quest for the Orb.
     0 | D:1      | Reached XP level 1. HP: 12/12 MP: 1/1
    71 | D:1      | Reached XP level 2. HP: 15/17 MP: 2/2
   532 | D:1      | Reached skill level 1 in Stealth
   532 | D:1      | Reached XP level 3. HP: 19/22 MP: 3/3
   797 | D:2      | Found a sacrificial altar of Ru.
  1089 | D:2      | Reached XP level 4. HP: 23/27 MP: 4/4
  1595 | D:2      | Found a glowing golden altar of the Shining One.
  1596 | D:2      | Found a shimmering altar of Xom.
  1601 | D:2      | Found a bloodstained altar of Trog.
  1653 | D:2      | Became a worshipper of Trog the Wrathful
  1752 | D:2      | Reached skill level 5 in Short Blades
  1752 | D:2      | Reached XP level 5. HP: 16/31 MP: 5/5
  1793 | D:2      | Found a basalt altar of Yredelemnul.
  2173 | D:3      | Noticed Sigmund
  2645 | D:3      | Reached skill level 1 in Armour
  2650 | D:3      | Reached skill level 5 in Dodging
  3208 | D:4      | Found Piodgh's Assorted Antiques.
  3244 | D:4      | Got a crude rapier {vamp}
  3245 | D:4      | Identified the +8 rapier of the Dead {vamp, Int+4 Stlth+} (You took it off a hobgoblin on level 4 of the Dungeon)
  3259 | D:4      | Reached XP level 6. HP: 31/36 MP: 6/6
  3303 | D:4      | Noticed 2d6's ghost (amateur DDWn)
  3718 | D:4      | Reached * piety under Trog
  3776 | D:4      | Bought an ichor-stained cloak for 199 gold pieces
  3781 | D:4      | Identified the +2 cloak of Action {Str+2} (You bought it in a shop on level 4 of the Dungeon)
  3808 | D:4      | Killed 2d6's ghost
  3808 | D:4      | Reached XP level 7. HP: 39/41 MP: 7/7
  3864 | D:4      | Reached skill level 6 in Short Blades
  3992 | D:4      | Found an opulent altar of Gozag.
  4065 | D:4      | Reached skill level 5 in Stealth
  4300 | D:5      | Entered Level 5 of the Dungeon
  4529 | D:5      | Reached XP level 8. HP: 37/48 MP: 8/8
  5003 | D:6      | Reached skill level 7 in Short Blades
  5010 | D:6      | Reached ** piety under Trog
  5059 | D:6      | Gained mutation: Your flesh is heat resistant. [potion of mutation]
  5059 | D:6      | Gained mutation: You passively map a small area around you. [potion of mutation]
  5059 | D:6      | Gained mutation: Your muscles are strong. (Str +2) [potion of mutation]
  5195 | D:6      | Found a sand-covered staircase.
  5216 | Ossuary  | Entered an ossuary
  5565 | Ossuary  | Reached skill level 8 in Short Blades
  5660 | Ossuary  | Reached XP level 9. HP: 18/53 MP: 9/9
  5843 | Ossuary  | Reached skill level 5 in Fighting
  5903 | Ossuary  | Reached skill level 9 in Short Blades
  6459 | D:3      | Killed Sigmund
  6459 | D:3      | Reached skill level 1 in Evocations
  6597 | D:7      | Reached skill level 10 in Short Blades
  6603 | D:7      | Reached *** piety under Trog
  6628 | D:7      | Found a staircase to the Ecumenical Temple.
  6638 | Temple   | Entered the Ecumenical Temple
  7075 | D:7      | Killed an unseen horror
  7075 | D:7      | Reached XP level 10. HP: 42/60 MP: 10/10
  7329 | D:7      | Noticed a hill giant
  7349 | D:7      | Killed a hill giant
  7450 | D:8      | Noticed Psyche
  7453 | D:8      | Found Lextoagg's Jewellery Boutique.
  7457 | D:8      | Killed Psyche
  7457 | D:8      | Reached skill level 11 in Short Blades
  7471 | D:8      | Bought a cursed amulet of inaccuracy for 22 gold pieces
  7483 | D:8      | Noticed Pikel
  7485 | D:8      | Got a smoking bone ring
  7498 | D:8      | Killed Pikel
  7501 | D:8      | Identified the ring "Xaosudecw" {Wiz Str+4} (You found it on level 8 of the Dungeon)
  7788 | D:8      | Noticed Joseph
  7811 | D:8      | Killed Joseph
  7813 | D:8      | Noticed Erica
  7821 | D:8      | Killed Erica
  7821 | D:8      | Reached skill level 10 in Dodging
  7821 | D:8      | Reached skill level 10 in Stealth
  7821 | D:8      | Reached XP level 11. HP: 60/67 MP: 11/11
  7823 | D:8      | Received a gift from Trog
  7897 | D:8      | Reached **** piety under Trog
  8200 | D:8      | Noticed dracos369's ghost (novice FeSu)
  8218 | D:8      | Killed dracos369's ghost
  8399 | D:9      | Found a stormy altar of Qazlal.
  8454 | D:9      | Noticed Erolcha
  8461 | D:9      | Killed Erolcha
  8461 | D:9      | Reached skill level 12 in Short Blades
  8760 | D:9      | Found a snail-covered altar of Cheibriados.
  8798 | D:9      | Found a staircase to the Orcish Mines.
  9029 | Orc:1    | Entered Level 1 of the Orcish Mines
  9079 | Orc:1    | Reached ***** piety under Trog
  9682 | Orc:3    | Received a gift from Trog
  9874 | Orc:3    | Found a roughly hewn altar of Beogh.
  9922 | Orc:3    | Reached ****** piety under Trog
 10466 | Orc:3    | Received a gift from Trog
 10618 | Orc:2    | Found Fafesch's Assorted Antiques.
 10712 | Orc:2    | Bought a scroll labeled VAUCRISEMO for 40 gold pieces
 10712 | Orc:2    | Bought a runed helmet for 180 gold pieces
 10712 | Orc:2    | Bought 2 sapphire potions for 72 gold pieces
 11197 | Orc:4    | Entered Level 4 of the Orcish Mines
 11324 | Orc:4    | Received a gift from Trog
 11337 | Orc:4    | Noticed an orc high priest
 11344 | Orc:4    | Noticed an orc sorcerer
 11350 | Orc:4    | Killed an orc sorcerer
 11401 | Orc:3    | Mangled by an orc warrior

Action                   |  1- 3 |  4- 6 |  7- 9 | 10-12 || total
-------------------------+-------+-------+-------+-------++-------
Melee: Rapier            |    90 |   277 |   337 |   536 ||  1240
Throw: Throwing net      |     2 |     3 |       |     1 ||     6
Invok: Berserk           |       |     1 |       |     1 ||     2
       Trog's Hand       |       |       |       |     1 ||     1
       Brothers in Arms  |       |       |       |     1 ||     1
 Abil: Evoke Flight      |       |       |     2 |       ||     2
Evoke: Wand              |       |       |       |    14 ||    14
  Use: Scroll            |       |       |    15 |     2 ||    17
       Potion            |       |       |    10 |     4 ||    14
 Stab: Sleeping          |     4 |     6 |    24 |    40 ||    74
       Held in net/web   |     1 |     3 |       |     1 ||     5
       Distracted        |       |     2 |     5 |     1 ||     8
       Invisible         |       |       |       |     1 ||     1
  Eat: Chunk             |     7 |    14 |    10 |    22 ||    53
